[Event "Niedersachsen-ch Meister 2024"]
[Site "Verden Aller"]
[Date "2024.01.06"]
[Round "5.9"]
[White "Reimer, Philip"]
[Black "Sauer, Tim"]
[Result "0-1"]
[ECO "B22"]
[WhiteElo "2152"]
[BlackElo "2126"]
[Annotator "RC"]
[PlyCount "84"]
[EventDate "2024.01.01"]
[EventType "swiss"]
[EventCountry "GER"]
[SourceTitle "playchess.com"]
[Source "ChessBase"]
[SourceQuality "1"]
[TimeControl "40/5400+30:1800+30"]

1. e4 c5 2. c3 d5 3. exd5 Qxd5 4. d4 Nf6 5. Nf3 Bg4 6. dxc5 Qxc5 7. h3 Bh5 8. Be3 Qc7 9. Nbd2 Nc6 10. Qa4 Nd7 11. Nd4 Nb6 12. Qb5 Bg6 13. Nxc6 bxc6 14. Qa5 e6 15. Be2 Be7 16. h4 f6 17. h5 Bf7 18. h6 g6 19. Ne4 O-O 20. Bc5 Qe5 21. Bxb6 Qxe4 22. Be3 Qxg2 23. O-O-O c5 24. Qc7 Rfe8 25. Rhg1 Qe4 26. Rg4 Qf5 27. Rf4 Qh3 28. Bb5 Rac8 29. Qxa7 g5 30. Bxe8 Rxe8 31. Ra4 Qf5 32. Qa6 Bg6 33. Qe2 Qb1+ 34. Kd2 Qc2+ 35. Ke1 Qxa4 36. b3 Qc6 37. a4 Qh1+ 38. Qf1 Qxf1+ 39. Kxf1 Bc2 40. Rd7 Bxb3 41. a5 Kf8 42. a6 Bc4+ 0-1

[Event "Niedersachsen-ch Meister 2024"]
[Site "Verden Aller"]
[Date "2024.01.06"]
[Round "5.10"]
[White "Evering, Soeren"]
[Black "Mimkes, Antal"]
[Result "1/2-1/2"]
[ECO "B45"]
[WhiteElo "2034"]
[BlackElo "1823"]
[Annotator "NA RC"]
[PlyCount "86"]
[EventDate "2024.01.01"]
[EventType "swiss"]
[EventCountry "GER"]
[SourceTitle "playchess.com"]
[Source "ChessBase"]
[SourceQuality "1"]
[TimeControl "40/5400+30:1800+30"]

1. e4 c5 2. Nf3 Nc6 3. d4 cxd4 4. Nxd4 Nf6 5. Nc3 e6 6. Nxc6 bxc6 7. e5 Nd5 8. Ne4 Qc7 9. f4 Qb6 10. c4 Ne3 11. Qd3 Bb4+ 12. Bd2 a5 13. Rc1 Nf5 14. a3 Bxd2+ 15. Qxd2 O-O 16. c5 Qb3 17. Bc4 Qe3+ 18. Qxe3 Nxe3 19. Kf2 Nxc4 20. Rxc4 Ba6 21. Rd4 Rab8 22. b4 axb4 23. axb4 Ra8 24. Rxd7 Bc4 25. Rd4 Ra2+ 26. Rd2 Rxd2+ 27. Nxd2 Bd5 28. Ra1 f6 29. exf6 Rxf6 30. g3 e5 31. Ke3 exf4+ 32. gxf4 Rh6 33. Kd4 Rxh2 34. Ne4 Rb2 35. Ra8+ Kf7 36. Nd6+ Kf6 37. Rf8+ Ke7 38. Re8+ Kf6 39. b5 Rb4+ 40. Kc3 Rb3+ 41. Kd4 Rb4+ 42. Kc3 Rb3+ 43. Kd4 Rb4+ 1/2-1/2

[Event "Niedersachsen-ch Meister 2024"]
[Site "Verden Aller"]
[Date "2024.01.06"]
[Round "5.11"]
[White "Bundan, Edward"]
[Black "Heinemann, Ernst"]
[Result "0-1"]
[ECO "B15"]
[WhiteElo "1706"]
[BlackElo "2033"]
[Annotator "NA RC"]
[PlyCount "92"]
[EventDate "2024.01.01"]
[EventType "swiss"]
[EventCountry "GER"]
[SourceTitle "playchess.com"]
[Source "ChessBase"]
[SourceQuality "1"]
[TimeControl "40/5400+30:1800+30"]

1. e4 c6 2. Nc3 g6 3. d4 d5 4. h4 h5 5. Be3 Nh6 6. exd5 cxd5 7. Qf3 Bg7 8. Qxd5 O-O 9. Qxd8 Rxd8 10. O-O-O Nc6 11. d5 Ne5 12. Bxh6 Bxh6+ 13. Kb1 Ng4 14. Nh3 a6 15. Be2 b5 16. Bf3 Ra7 17. Ne4 Ne5 18. Be2 Bf5 19. Ng3 Bxh3 20. gxh3 Rad7 21. a4 Rxd5 22. axb5 axb5 23. Rxd5 Rxd5 24. Rd1 Rxd1+ 25. Bxd1 b4 26. b3 Bd2 27. Ne4 Be1 28. Nc5 Bxf2 29. Nd3 Nxd3 30. cxd3 Bxh4 31. Kc2 Bf2 32. Kd2 Bd4 33. Bf3 f5 34. Bd5+ Kg7 35. Ke2 Kf6 36. Kf3 g5 37. Bc4 g4+ 38. hxg4 hxg4+ 39. Kg2 Kg5 40. Bd5 f4 41. Be4 f3+ 42. Kg3 Be5+ 43. Kf2 Kf4 44. Bd5 g3+ 45. Kg1 Bd4+ 46. Kf1 g2+ 0-1

[Event "Niedersachsen-ch Meister 2024"]
[Site "Verden Aller"]
[Date "2024.01.06"]
[Round "5.12"]
[White "Aden, Tammo"]
[Black "Hans, Julian"]
[Result "1/2-1/2"]
[ECO "D04"]
[WhiteElo "2025"]
[BlackElo "1925"]
[Annotator "NA RC"]
[PlyCount "44"]
[EventDate "2024.01.01"]
[EventType "swiss"]
[EventCountry "GER"]
[SourceTitle "playchess.com"]
[Source "ChessBase"]
[SourceQuality "1"]
[TimeControl "40/5400+30:1800+30"]

1. d4 d5 2. Nf3 c5 3. e3 Nf6 4. Bd3 Nc6 5. Nbd2 Bg4 6. h3 Bh5 7. c3 e6 8. O-O Bd6 9. dxc5 Bxc5 10. e4 O-O 11. exd5 Nxd5 12. Ne4 Be7 13. Ng3 Bg6 14. Bxg6 hxg6 15. Qe2 Qc7 16. c4 Nf6 17. b3 Rad8 18. Bb2 Rd7 19. Rfd1 Rfd8 20. a3 Rxd1+ 21. Rxd1 Rxd1+ 22. Qxd1 Qd7 1/2-1/2

[Event "Niedersachsen-ch Meister 2024"]
[Site "Verden Aller"]
[Date "2024.01.06"]
[Round "5.13"]
[White "Oest, Thorsten"]
[Black "Bennemann, Ingmar"]
[Result "0-1"]
[ECO "C02"]
[WhiteElo "1981"]
[BlackElo "1971"]
[Annotator "NA RC"]
[PlyCount "56"]
[EventDate "2024.01.01"]
[EventType "swiss"]
[EventCountry "GER"]
[SourceTitle "playchess.com"]
[Source "ChessBase"]
[SourceQuality "1"]
[TimeControl "40/5400+30:1800+30"]

1. e4 e6 2. d4 d5 3. e5 c5 4. c3 Nc6 5. Nf3 Nge7 6. dxc5 Ng6 7. b4 Bd7 8. Be2 a5 9. Nd4 Ncxe5 10. O-O b6 11. f4 bxc5 12. fxe5 cxd4 13. Qxd4 Qb8 14. Qf2 Nxe5 15. Bh5 g6 16. Qf6 Rg8 17. Be2 Bg7 18. Qh4 axb4 19. Qxh7 Kf8 20. Bh6 Bxh6 21. Qxh6+ Ke8 22. Qf4 f5 23. cxb4 g5 24. Qd2 Rh8 25. Qxg5 Qxb4 26. Qf6 Qd4+ 27. Kh1 Rxh2+ 28. Kxh2 Ng4+ 0-1

[Event "Niedersachsen-ch Meister 2024"]
[Site "Verden Aller"]
[Date "2024.01.06"]
[Round "5.14"]
[White "Renner, Kai"]
[Black "Muecke, Leonard"]
[Result "1/2-1/2"]
[ECO "B09"]
[WhiteElo "2153"]
[BlackElo "1694"]
[Annotator "RC"]
[PlyCount "42"]
[EventDate "2024.01.01"]
[EventType "swiss"]
[EventCountry "GER"]
[SourceTitle "playchess.com"]
[Source "ChessBase"]
[SourceQuality "1"]
[TimeControl "40/5400+30:1800+30"]

1. e4 d6 2. d4 g6 3. Nc3 Nf6 4. f4 Bg7 5. Nf3 c5 6. Bb5+ Bd7 7. e5 Ng4 8. Bxd7+ Qxd7 9. d5 dxe5 10. h3 e4 11. Nxe4 Nf6 12. Nxf6+ Bxf6 13. O-O O-O 14. c4 e6 15. Ne5 Qd6 16. Qb3 b6 17. Qf3 Nd7 18. Nc6 Nb8 19. Ne5 Nd7 20. Nc6 Nb8 21. Ne5 Nd7 1/2-1/2

[Event "Niedersachsen-ch Meister 2024"]
[Site "Verden Aller"]
[Date "2024.01.06"]
[Round "6.1"]
[White "Nechitaylo, Nikita"]
[Black "Hampel, Felix"]
[Result "1/2-1/2"]
[ECO "E81"]
[WhiteElo "2221"]
[BlackElo "2294"]
[Annotator "RC"]
[PlyCount "71"]
[EventDate "2024.01.01"]
[EventType "swiss"]
[EventCountry "GER"]
[SourceTitle "playchess.com"]
[Source "ChessBase"]
[SourceQuality "1"]
[TimeControl "40/5400+30:1800+30"]

1. d4 Nf6 2. c4 g6 3. f3 Bg7 4. e4 d6 5. Be3 O-O 6. Nc3 c5 7. dxc5 dxc5 8. Qxd8 Rxd8 9. Bxc5 Nc6 10. Ba3 a5 11. Rd1 Be6 12. Nd5 Nb4 13. Nxe7+ Kh8 14. Rxd8+ Rxd8 15. Nd5 Nc2+ 16. Kf2 Nxa3 17. bxa3 b5 18. Nh3 bxc4 19. Bxc4 Rc8 20. Bb3 a4 21. Bxa4 Nxd5 22. exd5 Bxd5 23. Bb3 Bxb3 24. axb3 Rc2+ 25. Kg3 Be5+ 26. f4 Rc3+ 27. Kg4 Bf6 28. Ng5 h5+ 29. Kh4 Rxb3 30. Rc1 Rxa3 31. Rc7 Bxg5+ 32. Kxg5 Kg7 33. Kh4 Ra2 34. Kh3 Kf6 35. Kg3 Ra3+ 36. Kf2 1/2-1/2

[Event "Niedersachsen-ch Meister 2024"]
[Site "Verden Aller"]
[Date "2024.01.06"]
[Round "6.2"]
[White "Abel, Dennes"]
[Black "Laubsch, Bernd"]
[Result "1-0"]
[ECO "D11"]
[WhiteElo "2417"]
[BlackElo "2259"]
[Annotator "RC"]
[PlyCount "81"]
[EventDate "2024.01.01"]
[EventType "swiss"]
[EventCountry "GER"]
[SourceTitle "playchess.com"]
[Source "ChessBase"]
[SourceQuality "1"]
[TimeControl "40/5400+30:1800+30"]

1. Nf3 d5 2. d4 Nf6 3. c4 c6 4. g3 dxc4 5. Bg2 Nbd7 6. Qc2 Nb6 7. O-O g6 8. e4 Bg4 9. Nbd2 Bg7 10. h3 Be6 11. b3 cxb3 12. Nxb3 O-O 13. Rd1 Qc8 14. Kh2 Nfd7 15. Ba3 Re8 16. Na5 h6 17. Rac1 Qb8 18. Qe2 Nf8 19. Ne1 f5 20. d5 cxd5 21. exd5 Bf7 22. Qb5 Nc8 23. Qxb7 Qxb7 24. Nxb7 Rb8 25. Na5 Rb5 26. Nc6 Bf6 27. Nc2 Nd7 28. N2d4 Rb6 29. f4 Ra6 30. Rd3 Ndb6 31. Nb5 Ra4 32. Rc2 a6 33. Nc7 Rf8 34. Bc5 Nc4 35. Re2 N8d6 36. a3 Nb2 37. Rb3 Nbc4 38. Nxe7+ Kg7 39. Ne6+ Bxe6 40. Rxe6 Ne4 41. Nxf5+ 1-0

[Event "Niedersachsen-ch Meister 2024"]
[Site "Verden Aller"]
[Date "2024.01.06"]
[Round "6.3"]
[White "Voege, Tobias"]
[Black "Gentemann, Moritz"]
[Result "1/2-1/2"]
[ECO "D36"]
[WhiteElo "2283"]
[BlackElo "2239"]
[Annotator "RC"]
[PlyCount "241"]
[EventDate "2024.01.01"]
[EventType "swiss"]
[EventCountry "GER"]
[SourceTitle "playchess.com"]
[Source "ChessBase"]
[SourceQuality "1"]
[TimeControl "40/5400+30:1800+30"]

1. d4 Nf6 2. c4 e6 3. Nc3 d5 4. cxd5 exd5 5. Bg5 c6 6. e3 h6 7. Bh4 Be7 8. Bd3 O-O 9. Qc2 Re8 10. Nge2 a5 11. O-O Na6 12. a3 Nc7 13. Na4 Ne6 14. Nc5 Ng5 15. b4 b6 16. Na4 Bd7 17. bxa5 Rxa5 18. Rfb1 b5 19. Nc5 Qa8 20. Rb3 Bxc5 21. Qxc5 Nfe4 22. Qc1 Nd6 23. f3 Nc4 24. Be1 Ra7 25. h4 Ne6 26. e4 c5 27. exd5 Qxd5 28. Be4 Qd6 29. Qd1 cxd4 30. Rd3 Nb2 31. Rxd4 Nxd4 32. Qxd4 Qxd4+ 33. Nxd4 Nc4 34. Bb4 g6 35. Rc1 Rc8 36. Rc3 Nd6 37. Nc6 Bxc6 38. Rxc6 Rxc6 39. Bxc6 Nc4 40. Bxb5 Nxa3 41. Bd3 Rd7 42. Bxg6 fxg6 43. Bxa3 Kf7 44. Kf2 Rd2+ 45. Kg3 h5 46. Bc1 Rc2 47. Bh6 Ke6 48. Kh3 Ke5 49. Bg7+ Kd5 50. g4 Rc7 51. Bh8 Rh7 52. Bb2 Ke6 53. Kg3 Rf7 54. Bc1 Kd5 55. Bb2 Kc4 56. Bc1 Kd3 57. Bh6 Ke2 58. f4 Kd3 59. Kf3 Kd4 60. Bg5 Kd5 61. Bd8 Ke6 62. Bg5 Rb7 63. gxh5 gxh5 64. Ke4 Rb4+ 65. Ke3 Kf5 66. Ke2 Ke4 67. Ke1 Rb2 68. Kd1 Rb5 69. Ke2 Rd5 70. Kf2 Kf5 71. Ke3 Rd6 72. Kf3 Re6 73. Kg3 Re3+ 74. Kg2 Rb3 75. Kf2 Kg4 76. Ke2 Rf3 77. Bh6 Rh3 78. Bg5 Kf5 79. Kf2 Ke4 80. Ke2 Rh2+ 81. Kd1 Kf5 82. Ke1 Kg4 83. Kf1 Kf3 84. Ke1 Ke4 85. Kd1 Ra2 86. Ke1 Rb2 87. Kf1 Kf3 88. Ke1 Rb5 89. Kd2 Rd5+ 90. Ke1 Rb5 91. Kd2 Ra5 92. Ke1 Rd5 93. Bh6 Rb5 94. Bg5 Ra5 95. Kd2 Kf2 96. Kd3 Kf3 97. Kd2 Rf5 98. Ke1 Rf7 99. Kd2 Rd7+ 100. Ke1 Rd5 101. Bh6 Rd6 102. Bg5 Re6+ 103. Kd2 Ke4 104. Ke2 Ra6 105. Ke1 Ra2 106. Kf1 Ra3 107. Ke2 Rf3 108. Bh6 Rb3 109. Bg5 Rh3 110. Kd2 Rh2+ 111. Ke1 Rh3 112. Ke2 Rf3 113. Kd2 Rxf4 114. Bxf4 Kxf4 115. Ke2 Kg3 116. Kf1 Kxh4 117. Kg2 Kg4 118. Kh2 h4 119. Kg2 h3+ 120. Kh2 Kf5 121. Kxh3 1/2-1/2

[Event "Niedersachsen-ch Meister 2024"]
[Site "Verden Aller"]
[Date "2024.01.06"]
[Round "6.4"]
[White "Elsner, Robert"]
[Black "Stelmaszyk, Nico"]
[Result "0-1"]
[ECO "E05"]
[WhiteElo "2030"]
[BlackElo "2363"]
[Annotator "ChessBase"]
[PlyCount "84"]
[EventDate "2024.01.01"]
[EventType "swiss"]
[EventCountry "GER"]
[SourceTitle "playchess.com"]
[Source "ChessBase"]
[SourceQuality "1"]
[TimeControl "40/5400+30:1800+30"]

1. d4 d5 2. c4 e6 3. Nf3 Nf6 4. g3 Be7 5. Bg2 O-O 6. O-O dxc4 7. Qc2 b6 8. Bg5 Nd5 9. Bxe7 Qxe7 10. Qxc4 Ba6 11. Qc2 c5 12. Nc3 Nc6 13. Nxd5 exd5 14. Rfe1 c4 15. Rad1 Qd6 16. Ne5 Na5 17. h4 Bb7 18. h5 Rfe8 19. Bf3 Re7 20. Kg2 Rae8 21. h6 f6 22. Ng4 g6 23. Rh1 Nc6 24. Ne3 Nd8 25. Rh4 Nf7 26. Rdh1 Kh8 27. Rf4 b5 28. Ng4 Re6 29. Ne3 a5 30. Qb1 Bc6 31. Qc2 a4 32. a3 Rxe3 33. fxe3 Rxe3 34. Rg4 g5 35. Kf2 Re8 36. Qf5 Qe6 37. Qxe6 Rxe6 38. e4 dxe4 39. d5 Bxd5 40. Rd1 Bc6 41. Bxe4 Bxe4 42. Rxg5 fxg5 0-1

[Event "Niedersachsen-ch Meister 2024"]
[Site "Verden Aller"]
[Date "2024.01.06"]
[Round "6.5"]
[White "Knuedel, Torben"]
[Black "von Mettenheim, Johannes"]
[Result "1-0"]
[ECO "B12"]
[WhiteElo "2287"]
[BlackElo "2284"]
[Annotator "RC"]
[PlyCount "59"]
[EventDate "2024.01.01"]
[EventType "swiss"]
[EventCountry "GER"]
[SourceTitle "playchess.com"]
[Source "ChessBase"]
[SourceQuality "1"]
[TimeControl "40/5400+30:1800+30"]

1. e4 c6 2. d4 d5 3. f3 Qb6 4. a4 a5 5. exd5 cxd5 6. Nc3 Nf6 7. Bd3 Nc6 8. Nge2 e6 9. Nb5 Na7 10. Nec3 Bb4 11. O-O O-O 12. Bg5 Ne8 13. f4 Nc7 14. Nxc7 Qxc7 15. Bf6 g6 16. f5 Be7 17. Bxe7 Qxe7 18. f6 Qb4 19. Qg4 Rd8 20. Qg5 Qxd4+ 21. Rf2 Qc5 22. h4 b6 23. h5 d4 24. Ne4 Qxg5 25. Nxg5 Bb7 26. hxg6 hxg6 27. Bxg6 fxg6 28. f7+ Kf8 29. Nxe6+ Ke7 30. Nxd8 1-0

[Event "Niedersachsen-ch Meister 2024"]
[Site "Verden Aller"]
[Date "2024.01.06"]
[Round "6.6"]
[White "Polster, Christian"]
[Black "Mueer, Sebastian"]
[Result "1/2-1/2"]
[ECO "D42"]
[WhiteElo "2244"]
[BlackElo "2189"]
[Annotator "RC"]
[PlyCount "104"]
[EventDate "2024.01.01"]
[EventType "swiss"]
[EventCountry "GER"]
[SourceTitle "playchess.com"]
[Source "ChessBase"]
[SourceQuality "1"]
[TimeControl "40/5400+30:1800+30"]

1. e4 c5 2. Nf3 e6 3. c3 d5 4. exd5 Qxd5 5. d4 Nf6 6. Bd3 cxd4 7. cxd4 Nc6 8. Nc3 Qd8 9. O-O Be7 10. a3 O-O 11. Bc2 b6 12. Qd3 Bb7 13. Bg5 g6 14. Rad1 Nd5 15. Bh6 Re8 16. Ne4 Rc8 17. Bb3 Na5 18. Ba4 Bc6 19. Bc2 Nf6 20. Nxf6+ Bxf6 21. Ne5 Qd5 22. Nxc6 Nxc6 23. Bb3 Qxd4 24. Qf3 Qh4 25. Be3 Bxb2 26. g3 Qf6 27. Qxf6 Bxf6 28. Ba4 Red8 29. Rxd8+ Nxd8 30. Rd1 Nc6 31. Rd7 Kg7 32. h4 h5 33. Bb3 Kg8 34. Ba4 Bc3 35. Kg2 Ne5 36. Rxa7 Nc4 37. Bc1 Bb2 38. Bd7 Rb8 39. Bxb2 Nxb2 40. Bb5 Nd1 41. Rc7 Rd8 42. Rc2 e5 43. Kf3 Rd5 44. a4 Rd6 45. Ke2 e4 46. Rc1 Nb2 47. Rb1 Nd3 48. Bxd3 exd3+ 49. Kd2 Kg7 50. Rb3 Rd4 51. Rxb6 Rxa4 52. Kxd3 Ra3+ 1/2-1/2

[Event "Niedersachsen-ch Meister 2024"]
[Site "Verden Aller"]
[Date "2024.01.06"]
[Round "6.7"]
[White "Pubantz, Jan"]
[Black "Sauer, Tim"]
[Result "1-0"]
[ECO "B13"]
[WhiteElo "2288"]
[BlackElo "2126"]
[Annotator "RC"]
[PlyCount "61"]
[EventDate "2024.01.01"]
[EventType "swiss"]
[EventCountry "GER"]
[SourceTitle "playchess.com"]
[Source "ChessBase"]
[SourceQuality "1"]
[TimeControl "40/5400+30:1800+30"]

1. e4 c6 2. d4 d5 3. exd5 cxd5 4. Bd3 Nc6 5. c3 Nf6 6. h3 Qc7 7. Nf3 g6 8. Qc2 Bg7 9. O-O O-O 10. Be3 Nh5 11. Qc1 e5 12. dxe5 Nxe5 13. Be2 Nc4 14. Bg5 Re8 15. Nd4 Bxd4 16. Bxh5 Bg7 17. Bf3 Be6 18. Nd2 Qb6 19. Nxc4 dxc4 20. Rd1 Bf5 21. Qd2 Rac8 22. Re1 Bd3 23. Rxe8+ Rxe8 24. Re1 Rxe1+ 25. Qxe1 Qb5 26. Qe7 h6 27. Bc1 Qa4 28. Bd5 Kh7 29. Qxf7 g5 30. Be3 Qd1+ 31. Kh2 1-0

[Event "Niedersachsen-ch Meister 2024"]
[Site "Verden Aller"]
[Date "2024.01.06"]
[Round "6.8"]
[White "Riemay, David"]
[Black "Bargsten, Justus"]
[Result "1-0"]
[ECO "C26"]
[WhiteElo "2213"]
[BlackElo "2216"]
[Annotator "ChessBase"]
[PlyCount "81"]
[EventDate "2024.01.01"]
[EventType "swiss"]
[EventCountry "GER"]
[SourceTitle "playchess.com"]
[Source "ChessBase"]
[SourceQuality "1"]
[TimeControl "40/5400+30:1800+30"]

1. e4 e5 2. Nc3 Nf6 3. d4 exd4 4. Qxd4 Nc6 5. Qd3 Bc5 6. Bf4 d6 7. Qd2 Be6 8. O-O-O O-O 9. f3 Nd7 10. Bg5 Qe8 11. Nh3 Nb6 12. Nf4 Ne5 13. Nfd5 Bxd5 14. Nxd5 Qa4 15. Kb1 c6 16. Ne7+ Kh8 17. Nf5 f6 18. Bf4 d5 19. Bxe5 fxe5 20. Qg5 Rf7 21. Bd3 d4 22. f4 Ba3 23. Kc1 Bb4 24. a3 Bf8 25. fxe5 Re8 26. Nd6 Bxd6 27. exd6 Nc4 28. Rhf1 Ne5 29. Rxf7 Nxf7 30. d7 Rg8 31. Qe7 Nd8 32. e5 c5 33. Be4 d3 34. Bxd3 Qf4+ 35. Kb1 Nc6 36. Qxc5 Qg4 37. Re1 Qxd7 38. e6 Qc7 39. e7 Qd7 40. Bxh7 Qd2 41. e8=Q 1-0

[Event "Niedersachsen-ch Meister 2024"]
[Site "Verden Aller"]
[Date "2024.01.06"]
[Round "6.9"]
[White "Heinemann, Ernst"]
[Black "Reimer, Philip"]
[Result "1/2-1/2"]
[ECO "B40"]
[WhiteElo "2033"]
[BlackElo "2152"]
[Annotator "RC"]
[PlyCount "53"]
[EventDate "2024.01.01"]
[EventType "swiss"]
[EventCountry "GER"]
[SourceTitle "playchess.com"]
[Source "ChessBase"]
[SourceQuality "1"]
[TimeControl "40/5400+30:1800+30"]

1. e4 c5 2. Nf3 e6 3. b3 b6 4. d4 cxd4 5. Nxd4 Bb7 6. Bd3 Bc5 7. Be3 Ne7 8. O-O O-O 9. Nd2 e5 10. Nf5 Nxf5 11. exf5 d5 12. Bxc5 bxc5 13. c4 d4 14. Be4 Qc7 15. f6 g6 16. f4 Nd7 17. fxe5 Nxe5 18. Qe1 Rae8 19. Qh4 h5 20. Bxb7 Qxb7 21. Rf5 Qc6 22. Ne4 Re6 23. Qf4 Ng4 24. Nxc5 Rxf6 25. Rxf6 Qxf6 26. Qxf6 Nxf6 27. Rd1 1/2-1/2

[Event "Niedersachsen-ch Meister 2024"]
[Site "Verden Aller"]
[Date "2024.01.06"]
[Round "6.10"]
[White "Bennemann, Ingmar"]
[Black "Evering, Soeren"]
[Result "1/2-1/2"]
[ECO "D38"]
[WhiteElo "1971"]
[BlackElo "2034"]
[Annotator "NA RC"]
[PlyCount "55"]
[EventDate "2024.01.01"]
[EventType "swiss"]
[EventCountry "GER"]
[SourceTitle "playchess.com"]
[Source "ChessBase"]
[SourceQuality "1"]
[TimeControl "40/5400+30:1800+30"]

1. d4 Nf6 2. Nf3 d5 3. c4 e6 4. Nc3 Bb4 5. Bg5 h6 6. Bxf6 Qxf6 7. g3 c5 8. cxd5 exd5 9. Bg2 O-O 10. O-O Bxc3 11. bxc3 Rd8 12. Qa4 Nc6 13. dxc5 Qxc3 14. Rac1 Qf6 15. Rfd1 Be6 16. e3 Rac8 17. Rd2 a6 18. Qf4 Qxf4 19. gxf4 Na5 20. Rdd1 Nc4 21. Nd4 g6 22. Bf1 Na5 23. h4 Nc6 24. Nb3 Bg4 25. Rd2 Bf3 26. Kh2 Ne7 27. Bh3 Rc7 28. Nd4 1/2-1/2

[Event "Niedersachsen-ch Meister 2024"]
[Site "Verden Aller"]
[Date "2024.01.06"]
[Round "6.11"]
[White "Mimkes, Antal"]
[Black "Aden, Tammo"]
[Result "1/2-1/2"]
[ECO "B12"]
[WhiteElo "1823"]
[BlackElo "2025"]
[Annotator "NA RC"]
[PlyCount "67"]
[EventDate "2024.01.01"]
[EventType "swiss"]
[EventCountry "GER"]
[SourceTitle "playchess.com"]
[Source "ChessBase"]
[SourceQuality "1"]
[TimeControl "40/5400+30:1800+30"]

1. e4 c6 2. d4 d5 3. e5 Bf5 4. h4 Qb6 5. g4 Bd7 6. c3 e6 7. Bd3 c5 8. Ne2 Nc6 9. Bc2 Rc8 10. a3 a5 11. O-O Qd8 12. g5 h6 13. Ng3 hxg5 14. hxg5 g6 15. Be3 Qb6 16. Nd2 cxd4 17. cxd4 Nge7 18. Nb3 Nf5 19. Bxf5 gxf5 20. Nh5 Rxh5 21. Qxh5 Qxb3 22. g6 fxg6 23. Qxg6+ Kd8 24. Rac1 Qd3 25. Rc3 Qe2 26. f3 Qxb2 27. Rfc1 Be7 28. Qf7 Qe2 29. Bh6 Bh4 30. Qf8+ Be8 31. Qd6+ Bd7 32. Qf8+ Be8 33. Qd6+ Bd7 34. Qf8+ 1/2-1/2

[Event "Niedersachsen-ch Meister 2024"]
[Site "Verden Aller"]
[Date "2024.01.06"]
[Round "6.12"]
[White "Muecke, Leonard"]
[Black "Bundan, Edward"]
[Result "1/2-1/2"]
[ECO "B30"]
[WhiteElo "1694"]
[BlackElo "1706"]
[Annotator "NA RC"]
[PlyCount "68"]
[EventDate "2024.01.01"]
[EventType "swiss"]
[EventCountry "GER"]
[SourceTitle "playchess.com"]
[Source "ChessBase"]
[SourceQuality "1"]
[TimeControl "40/5400+30:1800+30"]

1. e4 c5 2. Nf3 Nc6 3. d3 d5 4. Nbd2 Bg4 5. h3 Bxf3 6. Nxf3 dxe4 7. dxe4 Qxd1+ 8. Kxd1 O-O-O+ 9. Bd2 h6 10. Bb5 Nd4 11. Bc4 Nxf3 12. gxf3 e6 13. c3 Nf6 14. Kc2 Bd6 15. Be3 b6 16. a3 g5 17. b4 Nd7 18. Rab1 cxb4 19. axb4 Ne5 20. Be2 Ng6 21. Rhd1 Bf4 22. Rxd8+ Rxd8 23. Rd1 Rxd1 24. Bxd1 Bxe3 25. fxe3 Kd7 26. Kd3 b5 27. Be2 Kc6 28. Kd4 f6 29. Bd1 Nh4 30. e5 Nf5+ 31. Ke4 Ng3+ 32. Kd4 Nf5+ 33. Ke4 Ng3+ 34. Kd4 Nf5+ 1/2-1/2

[Event "Niedersachsen-ch Meister 2024"]
[Site "Verden Aller"]
[Date "2024.01.06"]
[Round "6.13"]
[White "Hans, Julian"]
[Black "Renner, Kai"]
[Result "1/2-1/2"]
[ECO "C01"]
[WhiteElo "1925"]
[BlackElo "2153"]
[Annotator "RC"]
[PlyCount "49"]
[EventDate "2024.01.01"]
[EventType "swiss"]
[EventCountry "GER"]
[SourceTitle "playchess.com"]
[Source "ChessBase"]
[SourceQuality "1"]
[TimeControl "40/5400+30:1800+30"]

1. e4 e6 2. d4 d5 3. Bd3 dxe4 4. Bxe4 Nf6 5. Bf3 c5 6. Ne2 Nc6 7. Be3 cxd4 8. Nxd4 Ne5 9. Nc3 a6 10. O-O Be7 11. Qe2 O-O 12. Rad1 Qc7 13. Rfe1 Bd7 14. Bf4 Nxf3+ 15. Qxf3 Qb6 16. Ne4 Qxb2 17. Be5 Nxe4 18. Qxe4 Qxa2 19. Qxb7 Rad8 20. Ra1 Qc4 21. Qxa6 Qxa6 22. Rxa6 Bc8 23. Ra4 Bc5 24. Rc4 Bxd4 25. Rxd4 1/2-1/2

[Event "Niedersachsen-ch Meister 2024"]
[Site "Verden Aller"]
[Date "2024.01.07"]
[Round "7.2"]
[White "Hampel, Felix"]
[Black "Voege, Tobias"]
[Result "1/2-1/2"]
[ECO "A13"]
[WhiteElo "2294"]
[BlackElo "2283"]
[Annotator "RC"]
[PlyCount "95"]
[EventDate "2024.01.01"]
[EventType "swiss"]
[EventCountry "GER"]
[SourceTitle "playchess.com"]
[Source "ChessBase"]
[SourceQuality "1"]
[TimeControl "40/5400+30:1800+30"]

1. c4 e6 2. Nf3 Nf6 3. Nc3 d5 4. e3 Be7 5. b3 O-O 6. Bb2 a5 7. Qc2 b6 8. cxd5 exd5 9. Be2 Ba6 10. Rc1 Bxe2 11. Nxe2 Na6 12. Ned4 c5 13. Nf5 a4 14. O-O Nb4 15. Qb1 axb3 16. axb3 Ne8 17. d4 Na2 18. Rc2 Nb4 19. Rd2 Bf6 20. Rfd1 g6 21. Nh6+ Kh8 22. dxc5 bxc5 23. Bxf6+ Nxf6 24. Qb2 Kg7 25. Ng4 h5 26. Nge5 Ra2 27. Qc1 Ra5 28. Qb2 Ra2 29. Qb1 Rxd2 30. Nxd2 Nd7 31. Nxd7 Qxd7 32. Qb2+ f6 33. Qc3 Qe7 34. Ra1 Rd8 35. Nf3 Rd7 36. h3 Ra7 37. Rxa7 Qxa7 38. g3 Kf7 39. Kg2 Qb6 40. Kg1 Nc6 41. Qd3 Ne7 42. Qc3 Nf5 43. g4 hxg4 44. hxg4 Ne7 45. g5 fxg5 46. Nxg5+ Ke8 47. e4 Qb4 48. Qxb4 1/2-1/2

[Event "Niedersachsen-ch Meister 2024"]
[Site "Verden Aller"]
[Date "2024.01.07"]
[Round "7.3"]
[White "Knuedel, Torben"]
[Black "Nechitaylo, Nikita"]
[Result "1-0"]
[ECO "B56"]
[WhiteElo "2287"]
[BlackElo "2221"]
[Annotator "RC"]
[PlyCount "73"]
[EventDate "2024.01.01"]
[EventType "swiss"]
[EventCountry "GER"]
[SourceTitle "playchess.com"]
[Source "ChessBase"]
[SourceQuality "1"]
[TimeControl "40/5400+30:1800+30"]

1. e4 c5 2. Nc3 Nc6 3. Nf3 d6 4. d4 cxd4 5. Nxd4 Nf6 6. h3 e5 7. Nf3 Be7 8. Bc4 Be6 9. Bb3 O-O 10. Bg5 Nd7 11. Bxe7 Qxe7 12. Nd5 Qd8 13. O-O Nc5 14. Re1 f5 15. exf5 Rxf5 16. Ne3 Nxb3 17. axb3 Rh5 18. Nd2 Qg5 19. Ne4 Qg6 20. Ng3 Rh4 21. Qxd6 Rd8 22. Qc5 Rf8 23. Rad1 h6 24. Rd2 Rhf4 25. Nc4 Bxc4 26. bxc4 h5 27. Re4 h4 28. Rxf4 exf4 29. Rd6 Qxc2 30. Qd5+ Kh8 31. Ne4 f3 32. gxf3 Qc1+ 33. Kg2 Ne7 34. Qh5+ Kg8 35. Re6 Nc6 36. Ng5 Qc2 37. Re4 1-0

[Event "Niedersachsen-ch Meister 2024"]
[Site "Verden Aller"]
[Date "2024.01.07"]
[Round "7.4"]
[White "Gentemann, Moritz"]
[Black "Pubantz, Jan"]
[Result "1/2-1/2"]
[ECO "D45"]
[WhiteElo "2239"]
[BlackElo "2288"]
[Annotator "RC"]
[PlyCount "27"]
[EventDate "2024.01.01"]
[EventType "swiss"]
[EventCountry "GER"]
[SourceTitle "playchess.com"]
[Source "ChessBase"]
[SourceQuality "1"]
[TimeControl "40/5400+30:1800+30"]

1. c4 c6 2. Nf3 d5 3. e3 Nf6 4. Nc3 e6 5. b3 Bd6 6. Bb2 O-O 7. d4 Nbd7 8. Be2 Ne4 9. Nxe4 dxe4 10. Nd2 f5 11. c5 Bc7 12. Qc2 Nf6 13. a3 Nd5 14. Nc4 1/2-1/2